 Dungeon Crawl Stone Soup version 0.31-a0-1-g4198be8af4 (webtiles) character file.

Game seed: 10020840761744186227

135 FlurksSlurper the Sneak (level 4, -4/34 HPs)
             Began as a Demonspawn Brigand on May 1, 2023.
             Slain by Duvessa
             ... wielding a +1 short sword of freezing
              (5 damage)
             ... on level 4 of the Dungeon.
             The game lasted 00:04:03 (2302 turns).

FlurksSlurper the Sneak (Demonspawn Brigand)        Turns: 2302, Time: 00:04:03

Health: -4/34      AC: 10    Str: 10 (13) XL:     4   Next: 97%
Magic:  4/4        EV: 10    Int: 11 (13) God:
Gold:   116        SH:  0    Dex: 12 (14) Spells: 3/3 levels left

rFire   . . .        a - +2 dagger
rCold   . . .        (no shield)
rNeg    . . .        m - +0 ring mail
rPois   .            (no helmet)
rElec   .            c - +0 cloak
rCorr   .            o - +2 pair of gloves
SInv    .            q - +0 pair of boots
Will    .....        (no amulet)
Stlth   ++           w - +4 ring of slaying
HPRegen 0.25/turn    (no ring)
MPRegen 0.09/turn

%: no passive effects
@: no status effects
A: demonic touch 1
a: no special abilities


You were on level 4 of the Dungeon.
You visited 1 branch of the dungeon, and saw 4 of its levels.

You collected 116 gold pieces.

Inventory:

Hand Weapons
 a - a +2 dagger (weapon)
Missiles
 d - 15 poisoned darts (quivered)
 i - a throwing net
Armour
 c - a +0 cloak (worn)
 m - a +0 ring mail (worn)
 o - a +2 pair of gloves (worn)
 q - a +0 pair of boots (worn)
Jewellery
 u - an amulet of faith
 w - a +4 ring of slaying (left hand)
Wands
 x - a wand of acid (8)
Scrolls
 b - 3 scrolls of identify {unknown}
 f - a scroll of poison {unknown}
 g - a scroll of blinking {unknown}
 k - a scroll of enchant armour {unknown}
 p - a scroll of teleportation {unknown}
 t - a scroll of vulnerability {unknown}
 v - 3 scrolls of fear {unknown}
 y - a scroll of magic mapping {unknown}
Potions
 h - a potion of attraction {unknown}
 j - a potion of lignification {unknown}
 l - a potion of degeneration
 n - 2 potions of brilliance {unknown}
 r - a potion of heal wounds {unknown}
 s - a potion of curing {unknown}


   Skills:
 + Level 2.3 Fighting
 + Level 2.7 Short Blades
 + Level 2.1 Throwing
 + Level 1.2 Armour
 + Level 1.2 Dodging
 + Level 4.8 Stealth


You had 3 spell levels left.
You didn't know any spells.
Your spell library contained the following spells:

 Spells                   Type           Power      Damage    Failure   Level
 Foxfire                  Conj/Fire      0%         2x1d4     65%         1
 Ignite Poison            Fire/Tmut/Pois 0%         N/A       95%         3
 Inner Flame              Hex/Fire       0%         N/A       95%         3
 Flame Wave               Conj/Fire      0%         2d4       100%        4
 Sticky Flame             Conj/Fire      0%         2d3       100%        4
 Fireball                 Conj/Fire      0%         3d3       100%        5
 Plasma Beam              Fire/Air       0%         2x1d11    100%        6
 Starburst                Conj/Fire      0%         6d3       100%        6
 Ignition                 Fire           0%         3d3       100%        8


Dungeon Overview and Level Annotations

Branches:
Dungeon (4/15)
 Temple: D:4-7

Altars:
Dithmenos
Kikubaaqudgha
Okawaru
Ru
Vehumet
Xom

Annotations:
D:4 Duvessa


Innate Abilities, Weirdness & Mutations

Your touch may inflict minor irresistible damage on your foes.


Message History

Duvessa looks as sick as possible!
Duvessa is lightly wounded.
Dowan mumbles some strange words.
Dowan blinks!
Unknown command.
You hit Dowan.
Dowan is almost dead.
Duvessa hits you with a +1 short sword of freezing.
Duvessa freezes you.
Dowan hits you with a +0 dagger of protection.
Unknown command.
You hit Dowan but do no damage. Your touch misses Dowan.
Dowan is almost dead.
Duvessa barely misses you.
You barely miss Dowan. You punch Dowan.
You kill Dowan!
Duvessa weeps, and shakes her weapon.
Duvessa goes berserk!
Duvessa barely misses you.
Unknown command.
You hit Duvessa but do no damage.
You touch Duvessa!
Duvessa is moderately wounded.
Duvessa hits you with a +1 short sword of freezing!
Duvessa freezes you.
Throw: 16 darts (poison)
Press: ? - help, Shift-Dir - straight line, f/p - Duvessa
Aim: Duvessa, wielding a +1 short sword of freezing and wearing a +0 ring mail (heavily wounded, berserk, very poisoned, 72% to hit)
You throw a poisoned dart. The poisoned dart hits Duvessa!
Duvessa looks as sick as possible!
Duvessa is heavily wounded.
Duvessa hits you with a +1 short sword of freezing!
* * * LOW HITPOINT WARNING * * *
Duvessa freezes you.
* * * LOW HITPOINT WARNING * * *
Duvessa hits you but does no damage.
Unknown command.
It was a potion of degeneration.
There was something very wrong with that liquid.
You feel weakened.
You feel dopey.
You feel clumsy.
Duvessa hits you with a +1 short sword of freezing.
You die...

#...(..> #......
##$.(.. #...(. ###
#..(.###.###### #.
#.(.##P.#.....##
#...##.e.#..P_#.....##
#..?..@##...P#......#
#..###)...⌠._P......##
##.#....P.......##
###..._P........#
##..##........#
##P#..........
#.............
#.............
##.....).......


You could see Duvessa (berserk, extremely poisoned).

Vanquished Creatures
  Dowan (D:4)
  2 adders
  A worm (D:3)
  2 dart slugs (D:2)
  3 ball pythons
  4 bats
  6 endoplasms
  4 giant cockroaches
  10 hobgoblins
  7 kobolds
  2 quokkas
  5 frilled lizards
  8 goblins
  2 rats
57 creatures vanquished.

Notes
Turn   | Place    | Note
-------+----------+-------------------------------------------
     0 | D:1      | FlurksSlurper the Demonspawn Brigand began the quest for
                  | the Orb.
     0 | D:1      | Reached XP level 1. HP: 16/16 MP: 1/1
   428 | D:1      | Gained mutation: Your touch may inflict minor irresistible
                  | damage on your foes. [demonic ancestry]
   428 | D:1      | Reached XP level 2. HP: 13/22 MP: 2/2
   526 | D:1      | Reached skill level 4 in Stealth
   550 | D:1      | Found a faded altar of an unknown god.
  1075 | D:2      | Found a shadowy altar of Dithmenos.
  1082 | D:2      | Reached XP level 3. HP: 27/27 MP: 3/3
  1503 | D:2      | Reached skill level 1 in Dodging
  1723 | D:3      | Found an ancient bone altar of Kikubaaqudgha.
  1724 | D:3      | Found a radiant altar of Vehumet.
  1894 | D:3      | Found a sacrificial altar of Ru.
  2112 | D:3      | Reached XP level 4. HP: 33/33 MP: 4/4
  2244 | D:4      | Reached skill level 1 in Armour
  2247 | D:4      | Found an iron altar of Okawaru.
  2264 | D:4      | Found a shimmering altar of Xom.
  2289 | D:4      | Noticed Duvessa
  2289 | D:4      | Noticed Dowan
  2299 | D:4      | Killed Dowan
  2301 | D:4      | HP: 1/34 [Duvessa/+1 short sword of freezing (3)]
  2302 | D:4      | Slain by Duvessa

Illustrated notes

Levels and vault maps discovered:
D:1:      co_arrival_random_square_maze, layout_loops_ring,
          hellmonk_ecumenical_altar_zigzags, minmay_stone_trees_medium
D:2:      layout_loops_corners, basic_altar
D:3:      layout_rooms, mainiacjoe_overflow_brackets,
          grunt_temple_overflow_open, minmay_goblin_outpost
D:4:      layout_cave_pods, mainiacjoe_overflow_cross_hatched,
          gammafunk_temple_overflow_forgotten, minmay_temple_entry_glass,
          serial_shops, shop, ebering_ghost_sewer_f, minmay_mini_ossuary,
          uniq_duvessa

Skill      XL: |  1  2  3  4 |
---------------+-------------+-----
Stealth        | 4 |  4.8
Throwing       | 2 |  2.1
Short Blades   | 2 |  2.7
Dodging        | 1 |  1.2
Armour         | 1 |  1.2
Fighting       | |  2.3

Action                     |  1- 3 |  4- 6 || total
---------------------------+-------+-------++-------
  Melee: Dagger            |    99 |    28 ||   127
         Touch             |    19 |     4 ||    23
         Punch             |       |     1 ||     1
  Throw: Dart              |       |     8 ||     8
    Use: Potion            |       |     1 ||     1
   Stab: Sleeping          |     9 |       ||     9
 Armour: Ring mail         |    49 |    10 ||    59
         Robe              |     1 |       ||     1
  Dodge: Dodged            |    56 |    20 ||    76

Table legend: (Time is in decaauts)
 A = Elapsed time spent in this place.
 B = Non-inter-level travel time spent in this place.
 C = Inter-level travel time spent in this place.
 D = Time resting spent in this place.
 E = Time spent auto-exploring this place.
 F = Levels seen in this place.
 G = Mean time per level.
                   A        B        C        D        E       F      G
               +--------+--------+--------+--------+--------+-----+--------+
         Total |   2286 |   2244 |     42 |      0 |   1681 |   4 |  571.5 |
       Dungeon |   2286 |   2244 |     42 |      0 |   1681 |   4 |  571.5 |
               +--------+--------+--------+--------+--------+-----+--------+

Top non-repeatable levels by time:
     D:1: 874 daAuts
     D:2: 834 daAuts
     D:3: 512 daAuts
     D:4: 65 daAuts
